 Dungeon Crawl Stone Soup version 0.25.1-8-g42b30a86e7 (webtiles) character file.

Game seed: 14222781078464143197

52 Clowwww the Grave Robber (level 3, -1/19 HPs)
             Began as a Deep Elf Necromancer on Dec 2, 2020.
             Splashed by a jelly's acid (7 damage)
             ... on level 3 of the Dungeon.
             The game lasted 00:05:54 (2175 turns).

Clowwww the Grave Robber (Deep Elf Necromancer)     Turns: 2175, Time: 00:05:55

Health: -1/19      AC:  2    Str:  5    XL:     3   Next: 60%
Magic:  7/10       EV: 13    Int: 20    God:
Gold:   67         SH:  0    Dex: 15    Spells: 5/10 levels left

rFire    . . .     SeeInvis .   (no weapon)
rCold    . . .     Gourm    .   (no shield)
rNeg     . . .     Faith    .   a - +0 robe
rPois    .         Spirit   .   (no helmet)
rElec    .         Reflect  .   (no cloak)
rCorr    .         Harm     .   (no gloves)
MR       .....                  (no boots)
Stlth    ++........             (no amulet)
HPRegen  0.06/turn              (no ring)
MPRegen  0.12/turn              (no ring)

@: no status effects
A: no striking features
a: no special abilities


You were on level 3 of the Dungeon.
You were not hungry.

You visited 1 branch of the dungeon, and saw 3 of its levels.

You collected 67 gold pieces.

Inventory:

Armour
 a - a +0 robe (worn)
Scrolls
 b - 2 scrolls of teleportation {unknown}
 e - a scroll of magic mapping {unknown}
 f - 2 scrolls of remove curse {unknown}
 h - 2 scrolls of identify {unknown}
 k - a scroll of noise {unknown}
 l - a scroll of immolation {unknown}
Potions
 d - 2 potions of flight {unknown}
 i - 2 potions of resistance {unknown}
 j - a potion of stabbing {unknown}
 m - a potion of heal wounds {unknown}
 n - a potion of cancellation {unknown}
Comestibles
 c - 2 rations
 g - a chunk of flesh


   Skills:
 + Level 2.5 Dodging
 + Level 2.4 Stealth
 + Level 4.1 Spellcasting
 + Level 5.8 Necromancy


You had 5 spell levels left.
You knew the following spells:

 Your Spells              Type           Power        Failure   Level  Hunger
a - Pain                  Necr           ####         1%          1    None
b - Animate Skeleton      Necr           N/A          1%          1    None
c - Vampiric Draining     Necr           ####......   3%          3    ###....

Your spell library contained the following spells:

 Spells                   Type           Power        Failure   Level  Hunger
 Animate Dead             Necr           N/A          12%         4    ####...
 Agony                    Necr           ####....     32%         5    ######.


Dungeon Overview and Level Annotations

Branches:
Dungeon (3/15)

Altars:

Annotations:
D:2 Robin


Message History

Casting: Pain (safe; 1% risk of failure)
Confirm with . or Enter, or press ? or * to list all spells.
Aiming: Pain (safe; 1% risk of failure)
Press: ? - help, Shift-Dir - straight line, f - jelly
Aim: a jelly (wandering, hasn't noticed you, chance to defeat MR: 89%)
The jelly quivers.
The jelly writhes in agony.
Casting: Pain (safe; 1% risk of failure)
Confirm with . or Enter, or press ? or * to list all spells.
Aiming: Pain (safe; 1% risk of failure)
Press: ? - help, Shift-Dir - straight line, f/p - jelly
Aim: a jelly (lightly wounded, chance to defeat MR: 89%)
The jelly writhes in agony.
Casting: Pain (safe; 1% risk of failure)
Confirm with . or Enter, or press ? or * to list all spells.
Aiming: Pain (safe; 1% risk of failure)
Press: ? - help, Shift-Dir - straight line, f/p - jelly
Aim: a jelly (moderately wounded, chance to defeat MR: 89%)
The jelly writhes in agony!
The jelly hits you.
You are splashed with acid!
You die...

..J
#########.#
#.........###.
#.......##....
#......(......
#$...<..####..
#....รท.......
#.......#####
#....@J.#
#.......#
#.......#
#########


You could see a jelly.

Vanquished Creatures
  An adder (D:2)
  A worm (D:2)
  An orc (D:2)
  5 bats
  A giant cockroach (D:1)
  5 goblins
  4 hobgoblins
  3 jackals (D:1)
  A quokka (D:2)
  2 frilled lizards
  6 kobolds
  6 rats
36 creatures vanquished.

Notes
Turn   | Place    | Note
-------+----------+-------------------------------------------
     0 | D:1      | Clowwww the Deep Elf Necromancer began the quest for the
                  | Orb.
     0 | D:1      | Reached XP level 1. HP: 10/10 MP: 6/6
    78 | D:1      | Reached skill level 5 in Necromancy
   185 | D:1      | Reached XP level 2. HP: 6/15 MP: 0/8
   188 | D:1      | Learned a level 1 spell: Animate Skeleton
  1573 | D:2      | Reached XP level 3. HP: 17/19 MP: 6/9
  1578 | D:2      | Learned a level 3 spell: Vampiric Draining
  2027 | D:2      | Noticed Robin
  2175 | D:3      | Splashed by a jelly's acid

Illustrated notes

Levels and vault maps discovered:
D:1:      dpeg_arrival_arbitrary_b, layout_loops_corners, skrybe_limestone_x
D:2:      layout_basic, dk_noncrumbling_4, uniq_robin
D:3:      layout_rooms

Skill      XL: |  1  2  3 |
---------------+----------+-----
Necromancy     | 5 |  5.8
Spellcasting   | 4 |  4.1
Dodging        | |  2.5
Stealth        | |  2.4

Action                   || total
-------------------------++-------
Melee: Unarmed           ||     4
 Cast: Pain              ||    62
       Vampiric Draining ||     1
  Eat: Chunk             ||     4
Armor: Robe              ||     3
Dodge: Dodged            ||    17
